[Event "*** Titled Tuesday Blitz"]
[Site "Chess.com"]
[Date "2020.10.27"]
[Round "3"]
[White "Sueetin"]
[Black "earling8018"]
[Result "1-0"]
[WhiteElo "2335"]
[BlackElo "2008"]
[TimeControl "180+1"]
[EndTime "10:28:55 PDT"]
[Termination "Sueetin won on time"]

1. d4 d6 2. e4 g6 3. Nc3 Bg7 4. Be3 Nf6 5. f3 c6 6. Qd2 b5 7.
h4 Qa5 8. g4 Bb7 9. h5 gxh5 10.
g5 Nfd7 11. Nge2 b4 12. Nd1 c5 13. Ng3 Rg8 14. Nf5 Nc6 15. Nxg7+ Rxg7 16. c3 O-O-O 17.
Rxh5 bxc3 18. bxc3 cxd4 19. cxd4 Qxd2+ 20. Kxd2 e5 21. Rc1 Kb8 22. d5 Nd4 23. Rh3 Nc5 24. Nb2 Rf8 25.
Nd3 f6 26. Nxc5 dxc5 27. Rb1 fxg5 28. Ba6 Nxf3+ 29. Kd3 g4 30. Rh6 Ka8 31. Bxc5 Rc8 32. Bxb7+ Rxb7 33. Rxb7 Kxb7 34. Rxh7+ Ka6 35. Rxa7+ Kb5 36.
Be3 Kb4 37. a4 Rc3+ 38. Ke2 Ra3 39. Rb7+ Kc3 40. Rc7+ Kb3 41. Rb7+ Kc3 42. Rc7+ Kb3 43.
d6 Rxa4 44. d7 Nd4+ 45. Kd3 Ne6 46. Rb7+ Ka3 47. Bc1+ Ka2 48. Rb2+ 1-0

[Event "*** Titled Tuesday Blitz"]
[Site "Chess.com"]
[Date "2020.10.27"]
[Round "3"]
[White "FlamingPhoenix2910"]
[Black "Fighter008"]
[Result "1/2-1/2"]
[WhiteElo "2882"]
[BlackElo "2680"]
[TimeControl "180+1"]
[EndTime "10:28:56 PDT"]
[Termination "Game drawn by repetition"]

1. e4 c5 2. Nf3 e6 3. Nc3 a6 4. g3 b5 5. Bg2 Bb7 6. d3 b4 7. Ne2 d5 8. exd5 Bxd5 9. Nf4 Bb7 10.
O-O Nf6 11. Re1 Be7 12. Ng5 Bxg2 13. Nfxe6 fxe6 14. Nxe6 Qd7 15. Kxg2 Kf7 16. Bf4 Nc6 17. c3 Rhc8 18. Kg1 Kg8 19. Rc1 a5 20. Qf3 Qd5 21. Qe3 Qh5 22. Ng5 h6 23. Qe6+ Kh8 24. Nf7+ Kh7 25.
Ne5 Re8 26. Qxc6 Rad8 27. Rcd1 Bd6 28. d4 Bxe5 29. Bxe5 Ng4 30. Qe4+ Kg8 31. h3 Nxe5 32. g4 Qg6 33. Qxg6 Nxg6 34. Rxe8+ Rxe8 35. dxc5 bxc3 36. bxc3 Re5 37. Rd6 Kh7 38. Rc6 Nf4 39. Rc7 Nd5 40. Ra7 Nxc3 41. Rxa5 Ne4 42. a4 Rxc5 43. Rxc5 Nxc5 44.
a5 g5 45. Kg2 Kg6 46. Kf3 Kf6 47. Kg3 Ke5 48. h4 Ke4 49. hxg5 hxg5 50. Kg2 Na6 51.
Kg3 Nb4 52. f3+ Ke3 53. Kg2 Na6 54. Kg3 Nc5 55. Kg2 Na6 56. Kg3 Nb4 57. Kg2 Na6 1/2-1/2

[Event "*** Titled Tuesday Blitz"]
[Site "Chess.com"]
[Date "2020.10.27"]
[Round "3"]
[White "NotFischer"]
[Black "ChronicUnhappiness"]
[Result "0-1"]
[WhiteElo "2134"]
[BlackElo "2366"]
[TimeControl "180+1"]
[EndTime "10:28:56 PDT"]
[Termination "ChronicUnhappiness won by resignation"]

1. e4 c5 2. Nc3 Nc6 3. g3 g6 4. Bg2 Bg7 5. d3 e5 6. Nge2 Nge7 7. O-O O-O 8. Be3 d6 9. Qd2 Nd4 10. f4 Bg4 11. h3 Bxe2 12. Nxe2 Nxe2+ 13. Qxe2 exf4 14. gxf4 f5 15. c3 Qd7 16. Rae1 Rae8 17. Qc2 b6 18. a3 Kh8 19. b4 cxb4 20. axb4 Rc8 21. Bd2 fxe4 22. dxe4 d5 23. e5 d4 24. Rd1 Nf5 25. Bc1 Qe7 26. Rd3 Qxb4 27. cxb4 Rxc2 28. Be4 Rc4 29. Rfd1 Rd8 30. Bxf5 gxf5 31. Be3 Rxb4 32. Bxd4 Kg8 33. Kf2 Bf8 34. Ke3 Kf7 35. Rc1 Rd7 36. Rc6 Rdxd4 37. Rxd4 Bc5 38. Rd6 Rxd4 39. Rxd4 Ke6 40. Kd3 Bxd4 41. Kxd4 a5 42. Kc4 a4 43. Kb4 b5 44. Ka3 Kd5 45. Kb4 h6 46. h4 h5 47. Ka3 Kc5 48. Kb2 b4 49. Ka2 b3+ 50. Kb2 Kb5 51. e6 Kc6 52. Ka3 Kd6 53. Kb2 Kxe6 54.
Kc3 Kd5 55. Kb4 Ke4 56. Kxa4 b2 0-1

[Event "*** Titled Tuesday Blitz"]
[Site "Chess.com"]
[Date "2020.10.27"]
[Round "3"]
[White "elohunter1999"]
[Black "malakismayil"]
[Result "1-0"]
[WhiteElo "2525"]
[BlackElo "2278"]
[TimeControl "180+1"]
[EndTime "10:28:57 PDT"]
[Termination "elohunter1999 won by resignation"]

1. e4 e5 2. Nf3 Nc6 3. Bc4 Bc5 4. c3 Nf6 5. d3 d6 6. O-O O-O 7. h3 h6 8. Re1 Bb6 9. a4 a6 10. Nbd2 Qe7 11. Nf1 Be6 12. Ng3 Rad8 13. Bxe6 fxe6 14. b4 Qf7 15. Be3 Bxe3 16. Rxe3 Ne7 17. Ra2 Ng6 18. d4 exd4 19. cxd4 e5 20. Rd2 exd4 21. Nxd4 Rde8 22. Ndf5 Ne7 23. f3 Kh7 24. Qc2 Nxf5 25. Nxf5 g6 26. Nd4 Nh5 27. Rc3 Re7 28. b5 a5 29.
Ne2 Rg8 30. Rd5 Rg7 31. b6 cxb6 32. Rxd6 Re6 33. Rxe6 Qxe6 34. Nd4 Qe5 35. Nb5 Rd7 36. Rc7 Qa1+ 37. Kf2 Qg7 38. Rxd7 Qxd7 39. Qc7 Qxc7 40. Nxc7 Nf6 41. e5 Ng8 42. Nd5 Kg7 43. Nxb6 Kf7 44. Nc4 Ke6 45. f4 Ne7 46. Nxa5 b6 47. Nc4 Nc8 48. Kf3 Kd5 49. Ne3+ Kc5 50. Ke4 Kb4 51.
g4 Kxa4 52. f5 gxf5+ 53. gxf5 b5 54. f6 Nb6 55. e6 Nc8 56. f7 Nd6+ 57. Kd5 Nxf7 58.
exf7 b4 59. f8=Q 1-0

[Event "*** Titled Tuesday Blitz"]
[Site "Chess.com"]
[Date "2020.10.27"]
[Round "3"]
[White "DinaBelenkaya"]
[Black "zurzan"]
[Result "1-0"]
[WhiteElo "2335"]
[BlackElo "2017"]
[TimeControl "180+1"]
[EndTime "10:29:00 PDT"]
[Termination "DinaBelenkaya won on time"]

1. e4 Nf6 2. e5 Nd5 3. d4 d6 4. c4 Nb6 5. exd6 cxd6 6. Nc3 g6 7.
Be3 Bg7 8. Rc1 O-O 9. b3 Nc6 10. d5 Ne5 11. Be2 f5 12. Bd4 Nbd7 13. Nf3 Nxf3+ 14.
Bxf3 Ne5 15. Be2 a6 16. O-O Bd7 17. a4 Rb8 18. h3 f4 19. f3 Qc8 20. Ne4 Bf5 21.
a5 h6 22. b4 g5 23. c5 Qd8 24. c6 bxc6 25. Bb6 Rxb6 26. axb6 Qxb6+ 27. Kh1 cxd5 28. Qxd5+ Kh8 29. Qa5 Qe3 30. Bxa6 Bxe4 31. Rce1 Qd2 32. Rxe4 d5 33. Re2 Qc3 34. Qc5 d4 35. Rd1 Qxc5 36. bxc5 Rd8 37. Rc2 d3 38. Bxd3 Nxd3 39. Kh2 Rd4 40.
c6 Nb4 41. Rxd4 Bxd4 42. c7 Nxc2 43. c8=Q+ Kg7 44. Qxc2 Bf6 45. Qe4 Kf7 46. Qf5 Kg7 47. Qe6 Kg6 48. h4 Kg7 49. h5 Kf8 50. Kh3 Kg7 51.
Kg4 Kf8 52. Kf5 Kg7 53. Qc8 Bc3 54. Ke6 Bf6 55. Qe8 Bc3 56. Qg6+ Kf8 57. Qxh6+ Ke8 58. Qg6+ Kd8 59. Qd3+ 1-0

[Event "*** Titled Tuesday Blitz"]
[Site "Chess.com"]
[Date "2020.10.27"]
[Round "3"]
[White "xamax2000"]
[Black "exoticprincess"]
[Result "0-1"]
[WhiteElo "2659"]
[BlackElo "2851"]
[TimeControl "180+1"]
[EndTime "10:29:02 PDT"]
[Termination "exoticprincess won by resignation"]

1. d4 d5 2. c4 c6 3. Nf3 Nf6 4. Nc3 dxc4 5. a4 a5 6. e4 Bg4 7.
Bxc4 e6 8. Be3 Bb4 9. Qc2 Nbd7 10. Bb3 Bh5 11. Nd2 Ng4 12. Bf4 Qf6 13. Ne2 O-O-O 14. f3 e5 15. dxe5 Ndxe5 16. O-O g5 17. fxg4 gxf4 18. Rxf4 Qe7 19. Nf3 Bc5+ 20. Kh1 Nxg4 21. h3 Nf2+ 22. Kh2 Bd6 23. e5 Bxe5 24. Qf5+ Kb8 25. Qxe5+ Qxe5 26. Nxe5 Nd3 27. Nxd3 Rxd3 28. Bc4 Rd2 29. g4 Bg6 30. b3 Re8 31. Re1 Kc7 32.
Kg3 Kb6 33. h4 Kc5 34. h5 Bc2 35. Rxf7 b5 36. axb5 cxb5 37. Bxb5 Bxb3 38. Ba6 Bxf7 39. Rc1+ Kb4 40. Nf4 a4 41. Rc7 Bb3 42. Rb7+ Ka3 43.
g5 Kb2 44. Bc4 Re3+ 45. Kg4 Rd4 46. Bxb3 Rxb3 47. Ra7 Rbb4 48. Rf7 a3 49. g6 hxg6 50. hxg6 a2 51. Ra7 Rxf4+ 52. Kg5 Ra4 53. Rxa4 Rxa4 54. g7 Ra8 0-1

[Event "*** Titled Tuesday Blitz"]
[Site "Chess.com"]
[Date "2020.10.27"]
[Round "3"]
[White "kuban1991"]
[Black "kingofthenil"]
[Result "0-1"]
[WhiteElo "2758"]
[BlackElo "2468"]
[TimeControl "180+1"]
[EndTime "10:29:03 PDT"]
[Termination "kingofthenil won on time"]

1. Nf3 Nf6 2. g3 d5 3. Bg2 e6 4. d3 Be7 5. Nbd2 O-O 6. O-O c5 7. e4 Nc6 8. e5 Nd7 9. Re1 Qc7 10. Qe2 b5 11. Nf1 Bb7 12. h4 Rfc8 13. N1h2 Nd4 14. Qd1 b4 15. Bf4 a5 16. Nxd4 cxd4 17. Rc1 a4 18.
Qg4 Kh8 19. Nf3 Qd8 20. Nxd4 Nc5 21. b3 axb3 22. axb3 Ra2 23. Qf3 Kg8 24. Qe3 Nd7 25.
Bg5 Bxg5 26. hxg5 Qb6 27. Bh3 Nf8 28. Ra1 Rca8 29. Rxa2 Rxa2 30. Bg4 Ng6 31. Bh5 Ne7 32. Qf4 g6 33. Bg4 Bc8 34. Rc1 Nc6 35. Nxc6 Qxc6 36. Qxb4 Rxc2 37. Rxc2 Qxc2 38. Qb8 Kg7 39. Kg2 Ba6 40.
Qd8 Bxd3 41. Qf6+ Kg8 42. Qd8+ Kg7 43. Qf6+ Kg8 44. Bxe6 Be4+ 45. Kh2 fxe6 46. Qxe6+ Kf8 47. Qf6+ Ke8 48. e6 Qc7 0-1

[Event "*** Titled Tuesday Blitz"]
[Site "Chess.com"]
[Date "2020.10.27"]
[Round "3"]
[White "BillCoe"]
[Black "Skatchkov_V"]
[Result "1-0"]
[WhiteElo "2043"]
[BlackElo "2466"]
[TimeControl "180+1"]
[EndTime "10:29:04 PDT"]
[Termination "BillCoe won by checkmate"]

1. e4 e5 2. Nf3 d5 3. Nxe5 Bd6 4.
d4 dxe4 5. Nc4 Nf6 6. Nc3 O-O 7. Bg5 h6 8. Bh4 Bf5 9. Qd2 Nc6 10. O-O-O a6 11. Nxd6 Qxd6 12. Bg3 Qd7 13. Bc4 b5 14. Bb3 Rfd8 15. d5 Na5 16. Be5 Nxb3+ 17. axb3 Qe7 18. Qd4 Ng4 19. Bg3 c5 20. Qd2 c4 21. bxc4 bxc4 22.
Qf4 g6 23. h3 Nf6 24. d6 Qb7 25. Qe5 Rab8 26. Qxf6 Qxb2+ 27. Kd2 e3+ 28. Kxe3 Re8+ 29. Kf3 Qb7+ 30. Nd5 Re6 31. Qd4 Rd8 32. Rhe1 Rde8 33.
Rxe6 Rxe6 34. Bf4 Be4+ 35. Kg3 Bxc2 36. Ne7+ Kh7 37. d7 g5 38. d8=Q gxf4+ 39. Kh2 f6 40. Nf5 Bxf5 41. Q8d7+ Re7 42. Qxb7 Rxb7 43. Qxf6 Bg6 44.
Qxf4 c3 45. Qg4 c2 46. Rd7+ Kg8 47. Qe6+ Kf8 48. Qe7+ Kg8 49. Qg7# 1-0

[Event "*** Titled Tuesday Blitz"]
[Site "Chess.com"]
[Date "2020.10.27"]
[Round "3"]
[White "SergeyKarjakin"]
[Black "XDPS"]
[Result "1-0"]
[WhiteElo "3007"]
[BlackElo "2739"]
[TimeControl "180+1"]
[EndTime "10:29:05 PDT"]
[Termination "SergeyKarjakin won on time"]

1. d4 d5 2. Bg5 Nf6 3. Nd2 c6 4. Ngf3 Bg4 5. e3 Nbd7 6. c4 Qa5 7. cxd5 cxd5 8. a3 Ne4 9. Bf4 g5 10. Bg3 Bg7 11. Be2 Nxd2 12. Nxd2 Bxe2 13. Qxe2 Rc8 14. Qd3 h6 15. h4 Qb6 16. b4 a6 17. O-O e6 18.
Rac1 O-O 19. Nb3 f5 20. hxg5 hxg5 21. Nc5 Nxc5 22. bxc5 Qc6 23. Rb1 f4 24. Rb6 Qd7 25.
exf4 gxf4 26. Bh4 Rf5 27. Re1 Re8 28. f3 Qf7 29. Bf2 e5 30. dxe5 Rfxe5 31. Rxe5 Rxe5 32. c6 bxc6 33. Rxc6 Re8 34. Qxa6 d4 35. Qd3 Qa2 36.
Rc1 Qd5 37. Rd1 Rd8 38. a4 Qe5 39. Ra1 Qa5 40. Be1 Qd5 41. Bd2 Re8 42. a5 Ra8 43.
a6 Qc5 44. Qe4 d3+ 45. Kf1 Rd8 46. Rc1 Qh5 47. Qe6+ Kh8 48. Qh3 Qxh3 49. gxh3 Ra8 50. Rc6 Kg8 51. Bxf4 Kf7 52. Ke1 1-0

[Event "*** Titled Tuesday Blitz"]
[Site "Chess.com"]
[Date "2020.10.27"]
[Round "3"]
[White "redbaron8888"]
[Black "Margarita2907"]
[Result "1/2-1/2"]
[WhiteElo "2491"]
[BlackElo "2198"]
[TimeControl "180+1"]
[EndTime "10:29:05 PDT"]
[Termination "Game drawn by repetition"]

1. e4 c5 2. Nf3 d6 3. c3 Nf6 4. h3 g6 5. Bd3 Bg7 6. O-O O-O 7. Re1 Nc6 8. Bc2 a6 9. d4 cxd4 10. cxd4 b5 11. Bf4 Bb7 12. a3 Rc8 13. Nbd2 Nd7 14. e5 dxe5 15. dxe5 Nc5 16. Rc1 Ne6 17. Bg3 Ncd4 18. Nxd4 Nxd4 19. Be4 Bxe4 20. Rxc8 Qxc8 21. Nxe4 Ne6 22. Qd2 Rd8 23. Qb4 Qd7 24.
Bh4 Bf8 25. Qc3 Qd4 26. Qxd4 Rxd4 27. Bg3 Bg7 28. Nc3 Rd2 29. Re2 Rxe2 30. Nxe2 Nc5 31. f4 Nd3 32. b3 f6 33. exf6 Bxf6 34. Bf2 Bb2 35. a4 bxa4 36. bxa4 Kf7 37. Bb6 Ke6 38. g3 Kd5 39. Kg2 Kc4 40. Kf3 Nc5 41. a5 Nb3 42. Kg4 e6 43. Kg5 Bg7 44. g4 Kb5 45. f5 exf5 46. gxf5 gxf5 47. Kxf5 Nxa5 48. Bc7 Nc4 49. Ke6 a5 50. Kf7 Be5 51. Bxa5 Nxa5 52. Kg8 h5 53. Kh7 h4 54. Ng1 Bg3 55. Kg6 Nc4 56. Kh5 Ne5 57. Ne2 Be1 58. Nf4 Nf3 59. Ng2 Bf2 60.
Kg4 Nh2+ 61. Kg5 Nf3+ 62. Kg4 Ne5+ 63. Kh5 Nf3 64. Kg4 1/2-1/2

[Event "*** Titled Tuesday Blitz"]
[Site "Chess.com"]
[Date "2020.10.27"]
[Round "3"]
[White "m_ezat"]
[Black "Roza_Idrisova"]
[Result "1-0"]
[WhiteElo "2508"]
[BlackElo "2214"]
[TimeControl "180+1"]
[EndTime "10:29:07 PDT"]
[Termination "m_ezat won on time"]

1. d4 d5 2. c4 c6 3. Nc3 Nf6 4. cxd5 cxd5 5. Bf4 Nc6 6. e3 a6 7. Bd3 Bg4 8. Nge2 e6 9. O-O Bd6 10. f3 Bh5 11. Rc1 O-O 12. Bxd6 Qxd6 13. Nf4 Bg6 14. Na4 Bxd3 15. Nxd3 e5 16. dxe5 Nxe5 17. Nxe5 Qxe5 18. Qd4 Qf5 19. Rc7 b5 20. Nc5 Rfc8 21. Rxc8+ Rxc8 22. Nxa6 Rc2 23. Nb4 Rc4 24. Qd2 h6 25. a3 Qe5 26. Rd1 Rc8 27. Qd4 Qe6 28. h3 Re8 29.
Kf2 Rc8 30. b3 Qf5 31. Kg1 Qg5 32. Kh2 h5 33. Rd3 h4 34. Qf4 Qxf4+ 35. exf4 Rc5 36. f5 Kh7 37. Rd4 Kh6 38. Rxh4+ Kg5 39. Rd4 Kxf5 40. g4+ Ke5 41. Rd3 d4 42. Kg3 g5 43. h4 gxh4+ 44. Kxh4 Rc3 45. Kg3 Rxd3 46. Nxd3+ Kd5 47. g5 Nh5+ 48. Kg4 Ng7 49. a4 bxa4 50. bxa4 Kc4 51. Ne5+ Kb4 52. Kf4 Kxa4 53. Nxf7 Kb4 54. Ne5 Kc3 55.
Ke4 Ne6 56. f4 Nc5+ 57. Kd5 1-0

[Event "*** Titled Tuesday Blitz"]
[Site "Chess.com"]
[Date "2020.10.27"]
[Round "3"]
[White "Trickov"]
[Black "RamyresCoelho"]
[Result "1-0"]
[WhiteElo "2358"]
[BlackElo "2083"]
[TimeControl "180+1"]
[EndTime "10:29:07 PDT"]
[Termination "Trickov won by checkmate"]

1. d4 Nf6 2. Nf3 g6 3. g3 Bg7 4. c4 O-O 5. Bg2 d6 6. O-O Nbd7 7. Nc3 c5 8. h3 b6 9. Ne5 Ba6 10.
Nxd7 Nxd7 11. Bxa8 Qxa8 12. dxc5 Nxc5 13. Nd5 Bxc4 14.
Nxe7+ Kh8 15. Qxd6 Bxe2 16. Re1 Bf3 17. Kh2 h6 18. Bf4 Rd8 19. Qc7 Ne6 20. Nxg6+ fxg6 21. Rxe6 Qc8 22. Rae1 Qxc7 23. Bxc7 Rd2 24. Kg1 Rd7 25. Re8+ Kh7 26. R8e7 Rxe7 27. Rxe7 Kg8 28. Be5 Bf8 29. Rxa7 Bd5 30. Bd4 b5 31. b3 h5 32. Rd7 Be6 33.
Rd8 Kf7 34. Rb8 Bxh3 35. Rxb5 Be6 36. Rb7+ Ke8 37. a4 Bd5 38. Rb8+ Kf7 39. a5 Bd6 40.
Rb6 Ke7 41. a6 Bc7 42. Rxg6 Bxb3 43. a7 Bd5 44. Rg5 Ba8 45. Rxh5 Kd7 46. Rh7+ Kc6 47. Rh8 Kb7 48. g4 Bd6 49. g5 Be7 50. g6 Bf6 51. Bxf6 Kc7 52. Bd4 Bc6 53. Rf8 Kb7 54.
g7 Kc7 55. g8=Q Bd5 56. Qf7+ Kc6 57. Qe7 Kb5 58. Rd8 Kc4 59. Rxd5 Kd3 60. Qc5 Ke2 61. a8=Q Kf3 62. Qa2 Kg4 63. Qb3 Kh4 64. Qg3# 1-0

[Event "*** Titled Tuesday Blitz"]
[Site "Chess.com"]
[Date "2020.10.27"]
[Round "3"]
[White "Jumbo"]
[Black "babyking1205"]
[Result "1-0"]
[WhiteElo "2853"]
[BlackElo "2660"]
[TimeControl "180+1"]
[EndTime "10:29:08 PDT"]
[Termination "Jumbo won on time"]

1. d4 Nf6 2. c4 c5 3. d5 b5 4.
cxb5 a6 5. bxa6 Bxa6 6. Nc3 d6 7. g3 g6 8. Bg2 Bg7 9. Nf3 O-O 10. O-O Qb6 11. Ne1 Nbd7 12. Nc2 Ng4 13. h3 Nge5 14. Rb1 Nc4 15. Qe1 Rfb8 16. Ne3 Nxe3 17. Bxe3 Qa5 18. Bd2 Ne5 19. b3 c4 20. Kh2 cxb3 21. axb3 Qb6 22. f4 Nd7 23. Rf3 Rc8 24. Re3 Kf8 25. Na4 Qb7 26.
Bc3 Nf6 27. Qd2 Bb5 28. Rb2 Qa7 29. Ra2 Bxa4 30. bxa4 Rc4 31. a5 Rac8 32. Kh1 Kg8 33. a6 Ng4 34. hxg4 Bxc3 35. Qd3 Bd4 36. Re4 Rc1+ 37.
Kh2 Bf6 38. Qe3 Qa8 39. a7 Rb1 40. Rea4 Rb7 41. g5 Bg7 42. Bf3 Rc3 43. Qd2 Rbb3 44.
Kg2 h5 45. gxh6 Bxh6 46. Qd4 Bg7 47. Qe4 Bf6 48. Rb4 Kg7 49. Rxb3 Rxb3 50. Qa4 Rb6 51.
Qa5 Bd4 52. Qa4 Bc5 53. g4 Rb7 54.
Qc6 f6 55. g5 fxg5 56. fxg5 1-0

[Event "*** Titled Tuesday Blitz"]
[Site "Chess.com"]
[Date "2020.10.27"]
[Round "3"]
[White "pedromartinez91"]
[Black "Inga83"]
[Result "1-0"]
[WhiteElo "2627"]
[BlackElo "2403"]
[TimeControl "180+1"]
[EndTime "10:29:10 PDT"]
[Termination "pedromartinez91 won by resignation"]

1. b3 d5 2. Bb2 Nf6 3. Nf3 g6 4. Bxf6 exf6 5. d4 Bg7 6. e3 O-O 7. g3 c5 8. c3 cxd4 9. cxd4 Bg4 10. Nbd2 Qa5 11. Bg2 Qa6 12. Qe2 Rc8 13. Qxa6 Nxa6 14. O-O Rc2 15. Rfc1 Rac8 16. Rxc2 Rxc2 17. Bf1 Bf8 18. Bd3 Rc3 19. Ne1 Nb4 20. Bf1 Bf5 21. Bg2 Nc2 22. Nxc2 Rxc2 23. Nf3 Ba3 24. Ne1 Re2 25.
Bf3 Rd2 26. Bxd5 Bb2 27. Nf3 Rc2 28. Rd1 b5 29. Rd2 Rc1+ 30. Kg2 Bc3 31. a4 Bxd2 32.
Nxd2 bxa4 33. bxa4 Bd3 34. Ne4 Bf1+ 35. Kf3 Ra1 36.
Nc5 f5 37. h4 Bh3 38. Kf4 Ra2 39. f3 Ra3 40. g4 fxg4 41. fxg4 h6 42. g5 hxg5+ 43.
hxg5 Ra1 44. Bc6 Kg7 45. Ne4 Bg2 46. d5 Rc1 47. Nf6 Rc4+ 48. e4 Bh3 49. Ke5 a5 50. Bb5 Rc5 51. Kd6 Rc1 52. Ke7 Rg1 53. Ne8+ Kg8 54.
d6 Rxg5 55. Nf6+ Kg7 56. Ne8+ Kg8 57. Kf6 Rg1 58. e5 Re1 59. Bc4 Be6 60. Bxe6 fxe6 61. Kxe6 Kf8 62. d7 Rd1 63. Nd6 1-0

[Event "*** Titled Tuesday Blitz"]
[Site "Chess.com"]
[Date "2020.10.27"]
[Round "3"]
[White "kai_nov"]
[Black "tvjosue"]
[Result "1-0"]
[WhiteElo "2308"]
[BlackElo "2473"]
[TimeControl "180+1"]
[EndTime "10:29:10 PDT"]
[Termination "kai_nov won by resignation"]

1. d4 Nf6 2. c4 e6 3. Nc3 Bb4 4. f3 c5 5. d5 b5 6. e4 O-O 7. e5 Ne8 8. f4 d6 9. Nf3 exd5 10.
cxd5 Bg4 11. Bd3 Nd7 12. O-O dxe5 13. Nxb5 e4 14. Bxe4 a6 15. Nc3 Nd6 16. Bc2 Re8 17. h3 Bf5 18. Bxf5 Nxf5 19. Qd3 Nd4 20. a3 Bxc3 21.
bxc3 Ne2+ 22. Kh2 Qf6 23. Ng5 g6 24. Ne4 Qf5 25. Qxe2 Rxe4 26. Qd3 h5 27. Bb2 c4 28.
Qd2 Nf6 29. Rad1 Rd8 30. d6 Rd7 31. a4 h4 32. Ba3 Nh5 33. Qd5 Qxd5 34. Rxd5 Nxf4 35.
Ra5 g5 36. Rxg5+ Ng6 37. Rgf5 Re2 38. Bc5 Rc2 39. Bd4 Ra2 40. a5 Re2 41. Rh5 Rxd6 42. Rf4 f6 43. Rg4 f5 44. Rxf5 Ree6 45. Rfg5 Kf7 46.
Rf5+ Ke7 47. Bc5 Kd7 48. Bxd6 Rxd6 49. Rf7+ Kc6 50. Re4 Kb5 51. Rf5+ Ka4 52. Rxc4+ Kb3 53. Rb4+ Kxc3 54. Rb6 Ne7 55. Rxd6 Nxf5 56. Rxa6 Ng3 57. Rb6 Nf1+ 58. Kg1 Ng3 59. a6 Ne2+ 60. Kf2 Nd4 61. a7 Nc2 62. a8=Q Nd4 1-0

[Event "*** Titled Tuesday Blitz"]
[Site "Chess.com"]
[Date "2020.10.27"]
[Round "3"]
[White "korbul"]
[Black "Chessalary"]
[Result "0-1"]
[WhiteElo "2587"]
[BlackElo "2403"]
[TimeControl "180+1"]
[EndTime "10:29:12 PDT"]
[Termination "Chessalary won by resignation"]

1. e4 c5 2. Nf3 d6 3. d4 cxd4 4.
Nxd4 Nf6 5. Nc3 a6 6. Be2 e6 7.
f4 Be7 8. Be3 O-O 9. Bf3 Qc7 10. Qe2 Nbd7 11. O-O-O Nb6 12. g4 Nc4 13. g5 Nd7 14. h4 Nxe3 15. Qxe3 Nb6 16. Bg4 e5 17.
Nf5 Bxf5 18. exf5 f6 19. Bf3 Rac8 20. Rh2 Rfd8 21. Bd5+ Kh8 22. Be6 Rb8 23. Rhd2 Nc4 24. Bxc4 Qxc4 25. Qe4 Qxe4 26. Nxe4 exf4 27. g6 hxg6 28.
fxg6 Kg8 29. Nc3 f5 30. h5 f3 31. Rf2 Bg5+ 32. Kb1 b5 33. Rxf3 f4 34. Nd5 Rf8 35. a3 Rf5 36. Nb4 a5 37. Nc6 Rc8 38. Rxd6 Rc5 39. Nd4 Bf6 40. c3 b4 41. axb4 axb4 42.
Rd3 bxc3 43. bxc3 Rxc3 44. Rxc3 Rxc3 45. Nc6 f3 46. h6 f2 47. h7+ Kh8 48. Rd1 Rxc6 49.
Rf1 Bd4 50. Ka2 Rxg6 51. Kb3 Kxh7 52. Kc4 Be3 53. Kd3 Bb6 54. Ke2 Rg1 55. Rxf2 Bxf2 0-1

[Event "*** Titled Tuesday Blitz"]
[Site "Chess.com"]
[Date "2020.10.27"]
[Round "3"]
[White "Quattroporte300"]
[Black "Swarnapuri"]
[Result "0-1"]
[WhiteElo "2252"]
[BlackElo "2581"]
[TimeControl "180+1"]
[EndTime "10:29:12 PDT"]
[Termination "Swarnapuri won on time"]

1. d4 Nc6 2. d5 Ne5 3. e4 Ng6 4. f4 e5 5. dxe6 dxe6 6. Qxd8+ Kxd8 7. Nf3 Nf6 8. Nc3 Bb4 9. Bd2 Bd7 10. g3 Bc6 11.
O-O-O Ke8 12. Bd3 Ng4 13. Rhf1 Bc5 14. Rde1 Rd8 15. Nd1 a6 16. h3 Nf6 17. Bc3 Nh5 18.
Nf2 Nxg3 19. Bxg7 Rg8 20. Bf6 Nxf1 21. Rxf1 Rd7 22. Bg5 Be3+ 23. Kb1 Bxf4 24. h4 h6 25. Bxf4 Nxf4 26. Ne5 Re7 27. Nxc6 bxc6 28. Bxa6 e5 29. Nd3 Nxd3 30. cxd3 Rg2 31. a4 Re6 32. Bc4 Rd6 33. b4 Rd4 34. a5 f5 35. a6 fxe4 36. a7 Rd8 37. dxe4 Ra8 38. Bf7+ Ke7 39. Bc4 Rxa7 40.
Rf7+ Ke8 41. Rh7 Rg4 42. Rxh6 Rxe4 43. Bd3 Rxb4+ 44. Kc2 e4 45. Be2 Ra2+ 46. Kc3 c5 47. Bh5+ Ke7 48. Rc6 Ra3+ 49. Kc2 Rc4+ 50. Kd2 Rh3 51.
Rxc7+ Kd6 52. Rf7 Rh2+ 53. Ke3 Rxh4 54. Rf6+ Ke5 55. Rh6 Rc3+ 56. Kd2 Rd3+ 57. Ke1 Rh2 58. Rh8 Re3+ 0-1

[Event "*** Titled Tuesday Blitz"]
[Site "Chess.com"]
[Date "2020.10.27"]
[Round "3"]
[White "WiktoriaPOL"]
[Black "ajgreen"]
[Result "0-1"]
[WhiteElo "2082"]
[BlackElo "2351"]
[TimeControl "180+1"]
[EndTime "10:29:12 PDT"]
[Termination "ajgreen won by resignation"]

1. c4 f5 2. Nc3 Nf6 3. g3 g6 4.
Bg2 Bg7 5. e3 d6 6. Nge2 O-O 7.
O-O e5 8. d3 Qe8 9. b4 g5 10.
f4 gxf4 11. exf4 e4 12. dxe4 Nxe4 13. Qd3 Nc6 14. Rb1 Nxc3 15. Nxc3 Be6 16. Nd5 Qf7 17. Bb2 Bxb2 18. Rxb2 Rac8 19. b5 Nd8 20. Re1 c6 21. Ne3 Qc7 22. bxc6 bxc6 23. Rd2 Qb6 24. Qxd6 Bxc4 25. Kh1 Be6 26. Nc2 c5 27. Qxb6 axb6 28. Rd6 Bxa2 29. Rxb6 Kf7 30. Ra6 Bb3 31. Ra7+ Kg6 32.
Na1 Bf7 33. Ra6+ Kg7 34. Bh3 Bd5+ 35. Kg1 Nc6 36. Rc1 c4 37. Nc2 Be4 38. Ne3 Nd4 39. Rxc4 Nf3+ 40. Kf2 Rxc4 41. Nxc4 Rc8 42. Bf1 Nxh2 43.
Ra7+ Kh6 44. Ne5 Rc2+ 45. Ke3 Nxf1+ 46. Kd4 Rd2+ 47. Kc3 Rd5 48. Ra6+ Kh5 49. Ra7 Kh6 50. Ra6+ Kg7 51. Ra7+ Kg8 52. Ra8+ Kg7 53. Ra7+ Kf8 54.
Rxh7 Nxg3 55. Rh8+ Ke7 56. Rh7+ Kd8 57. Rh8+ Kc7 58.
Rh7+ Kb6 59. Nd7+ Kc6 60. Ne5+ Kb5 61. Rf7 Ne2+ 62. Kb2 Nxf4 63. Ra7 Rxe5 0-1

[Event "*** Titled Tuesday Blitz"]
[Site "Chess.com"]
[Date "2020.10.27"]
[Round "3"]
[White "Shahinyan_ChessMood"]
[Black "Sibelephant"]
[Result "1-0"]
[WhiteElo "2765"]
[BlackElo "3082"]
[TimeControl "180+1"]
[EndTime "10:29:15 PDT"]
[Termination "Shahinyan_ChessMood won by resignation"]

1. e4 c5 2. Nc3 a6 3. g3 b5 4. Bg2 Bb7 5. d3 g6 6. Be3 d6 7. Qd2 Bg7 8. Nge2 Nc6 9. O-O Nd4 10. Nd1 e5 11. c3 Nxe2+ 12. Qxe2 Ne7 13. f4 exf4 14. Bxf4 O-O 15. Ne3 Qd7 16. Qg4 f5 17.
exf5 Bxg2 18. Kxg2 Nxf5 19. Nxf5 Rxf5 20. Qe2 Re8 21. Qd2 Qf7 22. a3 Rf8 23. Qe2 Re8 24.
Qd2 h6 25. Rae1 Rf8 26. Qe2 Kh7 27. Bd2 Qd5+ 28. Kg1 Be5 29. Rxf5 Rxf5 30. Rf1 Rxf1+ 31. Qxf1 Kg7 32. Qe2 a5 33. Qe3 g5 34. h4 Bf6 35.
h5 Be5 36. g4 Qe6 37. Qe4 d5 38. Qf3 Bf6 39. Kg2 a4 40. Be3 d4 41. cxd4 Bxd4 42.
Bxd4+ cxd4 43. Qb7+ Kf6 44. Qf3+ Ke7 45. Qb7+ Kd8 46.
Qb8+ Ke7 47. Qa7+ Qd7 48. Qxd7+ Kxd7 49. Kf3 Kd6 50. Ke4 Kc5 51. Ke5 b4 52. Ke4 bxa3 53.
bxa3 Kc6 54. Kxd4 Kd6 55. Ke4 Kc5 56. Ke5 Kc6 57. d4 Kb5 58. d5 Kc4 59. d6 Kb3 60.
d7 Kxa3 61. d8=Q Kb3 62. Qb6+ 1-0

[Event "*** Titled Tuesday Blitz"]
[Site "Chess.com"]
[Date "2020.10.27"]
[Round "3"]
[White "Lagmantr"]
[Black "FairChess_on_YouTube"]
[Result "1-0"]
[WhiteElo "2751"]
[BlackElo "2969"]
[TimeControl "180+1"]
[EndTime "10:29:15 PDT"]
[Termination "Lagmantr won by resignation"]

1. e4 c5 2. Nf3 d6 3. d4 cxd4 4. Qxd4 Bd7 5. Bg5 h6 6. Bh4 Nc6 7. Qd2 g5 8. Bg3 Bg7 9. Nc3 Rc8 10. Be2 Qa5 11. O-O Bxc3 12. bxc3 Nf6 13. Bd3 g4 14. Nh4 Ne5 15. Rfb1 b6 16. Rb4 Qc5 17. a4 Nxd3 18.
cxd3 Qxc3 19. Qxc3 Rxc3 20. Rd4 O-O 21. e5 Rfc8 22. h3 dxe5 23. Bxe5 Be6 24. Bxf6 exf6 25. hxg4 a5 26. Nf5 Kh7 27. Kh2 Rb3 28. Kg3 Rcc3 29. Rd1 Rb4 30. f3 Ra3 31. Rxb4 axb4 32. Rh1 b3 33.
Nxh6 Kg6 34. Nf5 Bxf5 35. gxf5+ Kg5 36. Rh4 b2 37. Rb4 Rxd3 38. Rxb2 Rd4 39. Rxb6 Rxa4 40. Rb7 Kxf5 41. Rxf7 Kg6 42. Rb7 f5 43. Rb5 Kg5 44.
Rb8 f4+ 45. Kh3 Ra1 46. Rb5+ Kg6 47. Kg4 Rg1 48. Rb2 Kf6 49. Kxf4 Ra1 50. g4 Ra4+ 51. Kg3 Ke5 52. Rb5+ Kf6 53. f4 Kg6 54. Rb6+ Kf7 55. g5 Ra1 56. Kg4 Ra5 57. f5 Ra1 58.
Rb7+ Ke8 59. g6 Rb1 60. Rxb1 1-0